 Dungeon Crawl Stone Soup version 0.32-a0-120-gfac0567ad4 (webtiles) character file.

Game seed: 3008445212589401780

3739 jasper the Grappler (level 10, -11/72 HPs)
             Began as an Octopode Fighter on Feb 6, 2024.
             Was a Follower of Wu Jian.
             Killed from afar by Maurice (21 damage)
             ... with an iceblast
             ... on level 8 of the Dungeon on Feb 7, 2024.
             The game lasted 00:12:22 (7553 turns).

jasper the Grappler (Octopode Fighter)              Turns: 7553, Time: 00:12:22

Health: -11/72     AC:  1    Str: 17    XL:     10   Next: 15%
Magic:  10/10      EV: 12    Int: 11    God:    Wu Jian [*.....]
Gold:   457        SH: 10    Dex: 14    Spells: 9/9 levels left

rFire   . .          .
                       - Unarmed
rCold   . . .        u - +0 kite shield
rNeg    + . .        (helmet restricted)
rPois   .            (no amulet)
rElec   .            i - ring of positive energy
rCorr   .            y - ring of flight
SInv    .            (no ring)
Will    .....        (no ring)
Stlth   ++           (no ring)
HPRegen 0.32/turn    (no ring)
MPRegen 0.12/turn    (no ring)
                     (no ring)

%: no passive effects
@: lethally poisoned (-11 -> -19), flying, slowed, very slow
A: almost no armour, amphibious, 8 rings, camouflage 1, gelatinous body 1,
(nimble swimmer 1), tentacles
a: Renounce Religion


You were on level 8 of the Dungeon.
You worshipped Wu Jian.
Wu Jian was aware of your devotion.
You visited 2 branches of the dungeon, and saw 9 of its levels.

You collected 457 gold pieces.

Inventory:

Hand Weapons
 d - a +1 heavy sling
Missiles
 c - 75 stones (quivered)
 e - 2 throwing nets
Armour
 a - a +0 buckler
 f - a scarf of repulsion
 h - a +1 tower shield
 u - a +0 kite shield (worn)
Jewellery
 i - a ring of positive energy (left tentacle)
 y - a ring of flight (right tentacle)
Wands
 p - a wand of polymorph (9)
 s - a wand of charming (14)
 x - a wand of iceblast (7)
Scrolls
 g - a scroll of blinking {unknown}
 j - a scroll of revelation
 l - a scroll of noise
 m - 2 scrolls of enchant armour
 z - a scroll of enchant weapon
Potions
 b - a potion of might
 k - a potion of cancellation
 n - 2 potions of berserk rage {unknown}
 o - a potion of brilliance
 q - a potion of curing
 t - a potion of haste {unknown}
 v - 2 potions of degeneration {unknown}


   Skills:
 + Level 7.8 Fighting
 - Level 3.1 Dodging
 + Level 7.7 Shields
 * Level 10.3 Unarmed Combat


You had 9 spell levels left.
You didn't know any spells.
Your spell library contained the following spells:

 Spells                   Type           Power      Damage    Failure   Level
 Call Imp                 Summ           0%         N/A       77%         2
 Sublimation of Blood     Necr           0%         N/A       77%         2
 Summon Hydra             Summ           0%         N/A       100%        7


Dungeon Overview and Level Annotations

Branches:
Dungeon (8/15)             Temple (1/1) D:5
   Lair: D:8-11

Altars:
Ashenzari
Cheibriados
Dithmenos
Elyvilon
Fedhas
Gozag
Hepliaklqana
Kikubaaqudgha
Makhleb
Nemelex Xobeh
Okawaru
Qazlal
Ru
Sif Muna
Trog
Uskayaw
Vehumet
Wu Jian
Xom
Yredelemnul
Zin
The Shining One

Shops:
D:6 [   D:7 (

Annotations:
D:7 2 transporters, GreenGuy14's ghost, novice MiFi
D:8 Maurice


Innate Abilities, Weirdness & Mutations

You cannot wear most types of armour.
You are amphibious.
You can wear up to eight rings at the same time.
Your skin changes colour to match your surroundings (Stealth+).
Your rubbery body absorbs attacks. (AC +1, EV +1)
((You are camouflaged when in or above water. (Stealth+)))
You have tentacles for arms and can constrict up to eight enemies at once.


Message History

Unknown command.
You feel better. The hornet stings you!
You are poisoned.
You feel as though you will be slow longer.
You block the hornet's attack.
Okay, then.
As you read the scroll of teleportation, it crumbles to dust.
You feel strangely unstable.
You feel very sick.
Maurice shouts!
The hornet closely misses you. The hornet misses you.
You take 2 damage, and have 24/72 hp.
You feel sick. The hornet attacks as it pursues you! The hornet stings you!
* * * LOW HITPOINT WARNING * * *
You feel as though you will be slow longer.
The hornet stings you.
* * * LOW HITPOINT WARNING * * *
You suddenly lose the ability to move!
The hornet stings you.
* * * LOW HITPOINT WARNING * * *
You feel as though you will be slow longer.
You can move again.
You take 14 damage, and have 10/72 hp.
Unknown command.
You feel much better.
You feel sick. The hornet stings you!
* * * LOW HITPOINT WARNING * * *
You are more poisoned.
You feel as though you will be slow longer.
You block the hornet's attack.
You regained 5 hp, and now have 15/72 hp.
Your surroundings seem slightly different.
Found a stone staircase leading up.
* * * LOW HITPOINT WARNING * * *
You feel very sick.
Maurice mumbles some strange words.
Maurice flickers and vanishes!
Deactivating autopickup; reactivate with Ctrl-A.
You hear a zap.
An iceblast appears from out of thin air!
The mass of ice explodes!
The iceblast engulfs you!!
You die...

#*,,,,,,,,,,,,...######.##.####..
****,,,,,..*,*########..##.......
,,,,,,,,,<.#,,...................
,,,,,,,,,....,##.....#.....####..
,,,,,,,,,..#.##........ยง....###.#
*******,>..........y.........##.#
*,,........................
**,,.........{...........#..
******,,,.......@................
,,,,,,,,,....................####
,,,,,,,,,.....#.............##
,,,,,,,,>....,##>....#.....##
,,,,,,,,,...,,*#############
*********##****


You could see a hornet.

Vanquished Creatures
  2 humans (D:7)
  5 yaks (D:5)
  A steam dragon (D:8)
  An orc warrior (D:8)
  2 black bears (D:5)
  An ice beast (D:7)
  An ogre (D:7)
  2 centaurs
  3 bullfrogs
  3 scorpions
  A water moccasin zombie (D:4)
  3 wights (D:7)
  3 killer bees (D:8)
  4 howler monkeys
  2 bombardier beetles
  A centaur zombie (D:4)
  A gnoll bouda (D:4)
  A jelly (D:7)
  2 orc priests
  4 hounds
  2 sleepcaps
  Crazy Yiuf (D:3)
  4 iguanas
  Natasha (thrice) (D:3)
  9 orc wizards
  2 scorpion zombies (D:4)
  5 adders
  7 gnolls (D:4)
  3 white imps
  4 ufetubi
  8 ribbon worms
  5 dart slugs
  20 orcs
  7 bats
  7 endoplasms
  4 giant cockroaches
  6 goblins
  3 hobgoblins
  5 jackals
  2 quokkas
  5 ball pythons
  4 frilled lizards
  4 kobolds
  4 rats
167 creatures vanquished.

Vanquished Creatures (others)
  A kobold brigand (D:7)
  5 kobolds (D:7)
6 creatures vanquished.

Grand Total: 173 creatures vanquished

Notes
Turn   | Place    | Note
-------+----------+-------------------------------------------
     0 | D:1      | jasper the Octopode Fighter began the quest for the Orb.
     0 | D:1      | Reached XP level 1. HP: 16/16 MP: 1/1
    47 | D:1      | Found a faded altar of an unknown god.
   122 | D:1      | Reached XP level 2. HP: 14/21 MP: 2/2
   636 | D:2      | Reached XP level 3. HP: 26/26 MP: 3/3
   953 | D:2      | Reached skill level 3 in Unarmed Combat
  1247 | D:3      | Noticed Natasha
  1254 | D:3      | Killed Natasha
  1255 | D:3      | Reached XP level 4. HP: 26/31 MP: 4/4
  1279 | D:3      | Found a glowing golden altar of the Shining One.
  1702 | D:3      | Found a runed translucent door.
  1703 | D:3      | Noticed Crazy Yiuf
  1712 | D:3      | Killed Crazy Yiuf
  1713 | D:3      | Reached XP level 5. HP: 23/37 MP: 5/5
  1790 | D:3      | Noticed Natasha
  1795 | D:3      | Killed Natasha
  1796 | D:3      | Reached skill level 4 in Unarmed Combat
  1824 | D:3      | Noticed Natasha
  1832 | D:3      | Killed Natasha
  2423 | D:4      | Found a white marble altar of Elyvilon.
  2475 | D:4      | Reached XP level 6. HP: 40/43 MP: 6/6
  2596 | D:4      | Found a stormy altar of Qazlal.
  2599 | D:4      | Found a shimmering altar of Xom.
  2607 | D:4      | Found a sparkling altar of Nemelex Xobeh.
  2610 | D:4      | Found a snail-covered altar of Cheibriados.
  2629 | D:4      | Reached skill level 5 in Unarmed Combat
  2710 | D:4      | Reached XP level 7. HP: 28/49 MP: 7/7
  3313 | D:4      | Found a basalt altar of Yredelemnul.
  3321 | D:4      | Reached skill level 5 in Fighting
  3327 | D:4      | Reached skill level 5 in Shields
  3327 | D:4      | Reached skill level 6 in Unarmed Combat
  3672 | D:4      | Found a hazy altar of Hepliaklqana.
  3721 | D:5      | Entered Level 5 of the Dungeon
  3811 | D:5      | Reached XP level 8. HP: 55/55 MP: 8/8
  3873 | D:5      | Found an ancient bone altar of Kikubaaqudgha.
  4011 | D:5      | You fall into a shaft and drop 3 floors!
  4033 | D:8      | Reached skill level 7 in Unarmed Combat
  4581 | D:7      | Found an iron altar of Okawaru.
  4970 | D:5      | Found a staircase to the Ecumenical Temple.
  4983 | Temple   | Entered the Ecumenical Temple
  5016 | Temple   | Became a worshipper of the Wu Jian Council
  5165 | D:5      | Noticed a yak
  5167 | D:5      | Noticed a yak
  5168 | D:5      | Noticed a yak
  5168 | D:5      | Noticed a yak
  5168 | D:5      | Noticed a yak
  5179 | D:5      | Killed a yak
  5180 | D:5      | Reached skill level 8 in Unarmed Combat
  5180 | D:5      | Reached XP level 9. HP: 55/62 MP: 9/9
  5416 | D:5      | Reached skill level 9 in Unarmed Combat
  5870 | D:6      | Identified the +3 mace "Jinibof" {freeze, *Noise *Slow
                  | rF+++ Int+7}
  5874 | D:6      | Found Falom's Antique Armour Emporium.
  6288 | D:6      | Reached * piety under Wu Jian
  6397 | D:7      | Found Yrege's Antique Weapon Shoppe.
  6722 | D:7      | Found a transporter.
  6726 | D:7      | Noticed GreenGuy14's ghost (novice MiFi)
  6727 | D:7      | Found a transporter.
  6782 | D:7      | Identified the +5 great mace "Yjutt" {flame, MP+9 Str-5
                  | Int+4}
  6782 | D:7      | Identified the +1 great mace "Zugges" {antimagic, *Noise
                  | Will+ Str+8 Int+5}
  6782 | D:7      | Noticed a two-headed ogre
  6871 | D:7      | Reached skill level 10 in Unarmed Combat
  6871 | D:7      | Reached XP level 10. HP: 64/71 MP: 10/10
  7546 | D:8      | Paralysed by a hornet for 3 turns
  7548 | D:8      | Noticed Maurice
  7551 | D:8      | Paralysed by a hornet for 1 turns
  7553 | D:8      | Killed from afar by Maurice

Illustrated notes

Levels and vault maps discovered:
D:1:      beargit_arrival_diablo_church, layout_basic,
          dreamdust_ecumenical_altar_statues
D:2:      layout_loops_cross, minmay_3d_cube
D:3:      layout_basic, mainiacjoe_overflow_concentric_impassable,
          minmay_misc_feat_rows, uniq_crazy_yiuf_cottage, uniq_natasha
D:4:      layout_loops_ring, nicolae_yredelemnul_corpse_copse, elyvilon_altar_3,
          worldfamousw_hep_ancestral_shrine,
          nicolae_overflow_macrodata_refinement
D:5:      layout_basic, mainiacjoe_overflow_alcove_1,
          minmay_temple_entry_stoned_glass, chequers_serial_rivers_marsh
D:6:      layout_cave_pools, serial_shops, nicolae_shop_statue_plus,
          cheibrodos_sewer_entry_bend
D:7:      layout_gridville, okawaru_humans, gammafunk_ghost_smash, serial_shops,
          shop, lemuel_flamethrower_2
D:8:      layout_rooms, uniq_maurice
Temple:   nicolae_temple_godzebo

Skill      XL: |  1  2  3  4  5  6  7  8  9 |
---------------+----------------------------+-----
Unarmed Combat | 3 4 5 6 8 10 | 10.3
Fighting       | 4 5 6 7 |  7.8
Shields        | 4 5 6 7 |  7.7
Dodging        | |  3.1

Action                     |  1- 3 |  4- 6 |  7- 9 | 10-12 || total
---------------------------+-------+-------+-------+-------++-------
  Melee: Unarmed           |    64 |    85 |   247 |    38 ||   434
         Tentacles         |    18 |    19 |    56 |     5 ||    98
         Constrict         |    20 |    27 |    55 |     6 ||   108
         Punch             |     4 |     8 |    22 |     3 ||    37
   Fire: Sling             |    15 |     3 |       |       ||    18
  Throw: Stone             |     2 |     1 |       |       ||     3
Ability: Lunge             |       |       |     6 |     2 ||     8
         Whirlwind         |       |       |       |     2 ||     2
    Use: Scroll            |       |     9 |     9 |     1 ||    19
         Potion            |       |     2 |     3 |     2 ||     7
   Stab: Sleeping          |     2 |     6 |     6 |     2 ||    16
 Armour: Skin              |    27 |    29 |   120 |    29 ||   205
  Dodge: Dodged            |    23 |    24 |    70 |     9 ||   126
  Block: Tower shield      |    28 |    56 |   115 |       ||   199
         Buckler           |     3 |       |       |       ||     3
         Kite shield       |       |       |    41 |    13 ||    54

Table legend: (Time is in decaauts)
 A = Elapsed time spent in this place.
 B = Non-inter-level travel time spent in this place.
 C = Inter-level travel time spent in this place.
 D = Time resting spent in this place.
 E = Time spent auto-exploring this place.
 F = Levels seen in this place.
 G = Mean time per level.
                   A        B        C        D        E       F      G
               +--------+--------+--------+--------+--------+-----+--------+
         Total |   7622 |   7350 |    272 |   1059 |   4637 |   9 |  846.9 |
       Dungeon |   7555 |   7347 |    208 |   1059 |   4637 |   8 |  944.4 |
        Temple |     66 |      2 |     64 |      0 |      0 |   1 |   66.0 |
               +--------+--------+--------+--------+--------+-----+--------+

Top non-repeatable levels by time:
     D:4: 1339 daAuts
     D:3: 1235 daAuts
     D:5: 1189 daAuts
     D:7: 1068 daAuts
     D:8: 923 daAuts
     D:2: 688 daAuts
     D:6: 593 daAuts
     D:1: 517 daAuts
  Temple: 66 daAuts
